Map: 10000 Feet LE

Players

Indy - Winner!

  • Race: Protoss Protoss
  • Spawn Location: 5:00

A.I. 1 (Hard)

  • Race: Zerg Zerg
  • Spawn Location: 11:00

VOD

Have the link to the VOD?

Description

Time

  • Played on: Nov. 21, 2025, 8:03 a.m.
  • Length: 7:44
Show
View Real Time Build Order
Export as new Build Order

Indy Protoss - Winner!

Build Orders: 1 Gate Expand, Zealot Archon, Archon Drop 

Get SALT Encoding   

  12  0:00  Probe  
  13  0:12  Probe  
  14  0:20  Pylon  
  14  0:24  Probe  
  15  0:34  Probe  
  15  0:40  Gateway  
  16  0:43  Probe  
  16  0:45  Assimilator  
  17  0:53  Probe  
  18  1:05  Probe  
  19  1:17  Probe  
  20  1:24  Nexus  
  20  1:33  Cybernetics Core  
  20  1:36  Probe  
  21  1:44  Assimilator  
  21  1:48  Probe  
  21  1:51  Pylon  
  22  1:59  Probe  
  23  2:07  Probe  
  23  2:08  Stalker  
  23  2:12  Warp Gate  
  23  2:15  Probe  
  26  2:22  Robotics Facility  
  27  2:27  Probe  
  28  2:36  Probe  
  29  2:39  Probe  
  29  2:40  Twilight Council  
  30  2:46  Probe  
  30  2:47  Adept  
  30  2:48  Probe  
  34  2:54  Probe  
  34  2:56  Probe  
  35  3:02  Probe  
  35  3:05  Probe  
  36  3:11  Assimilator x2  
  38  3:14  Probe  
  38  3:17  Probe  
  40  3:23  Gateway  
  40  3:26  Templar Archives, Warp Prism  
  40  3:28  Probe  
  40  3:29  Probe  
  44  3:42  Probe x2  
  44  3:46  Pylon  
  46  3:56  Gateway  
  46  3:57  Gateway  
  46  4:04  Probe x2  
  48  4:11  Pylon  
  48  4:16  Probe x2  
  50  4:18  Forge  
  50  4:19  High Templar x2  
  50  4:23  Archon  
  54  4:24  Charge  
  54  4:32  Gateway x2  
  54  4:34  Protoss Ground Weapons Level 1  
  54  4:39  Pylon  
  54  4:52  High Templar x2  
  58  4:53  Zealot x2  
  62  5:01  Immortal, Archon  
  62  5:02  Gateway x2  
  62  5:08  Pylon  
  66  5:25  High Templar x2  
  66  5:26  Zealot x2  
  74  5:29  Pylon, Archon  
  74  5:30  Pylon  
  74  5:34  Zealot x2  
  78  5:39  Immortal  
  82  5:54  Pylon  
  82  5:58  Zealot, Pylon  
  82  5:59  Zealot  
  82  6:00  High Templar x2  
  90  6:05  Archon  
  90  6:09  Zealot x2  
  94  6:13  Pylon  
  94  6:14  Pylon  
  94  6:15  Zealot  
  94  6:17  Zealot  
  98  6:28  Adept  
  100  6:46  Zealot x2  
  100  6:47  Zealot x5  
  108  6:48  Zealot  
  116  7:00  Probe  
  111  7:08  High Templar x4  
  111  7:12  Nexus  
  111  7:14  Probe  
  111  7:15  Probe, Pylon  
  119  7:19  Archon x2  
  119  7:27  Probe x2  
  121  7:32  Pylon  
Show
View Real Time Build Order
Export as new Build Order

A.I. 1 (Hard) Zerg 

Build Orders: Hatch First 

Get SALT Encoding   

  12  0:00  Drone  
  13  0:12  Overlord  
  13  0:16  Drone  
  14  0:30  Drone  
  14  0:32  Drone  
  14  0:34  Drone  
  17  0:53  Hatchery  
  17  0:54  Drone  
  17  1:09  Spawning Pool  
  16  1:11  Drone  
  16  1:14  Drone  
  16  1:18  Extractor  
  17  1:20  Drone  
  18  1:27  Overlord  
  18  1:38  Drone  
  19  1:56  Queen, Zergling x2  
  19  1:59  Zergling x2  
  23  2:01  Roach Warren  
  23  2:04  Drone  
  23  2:07  Extractor  
  22  2:19  Baneling Nest  
  22  2:21  Drone  
  22  2:25  Drone  
  22  2:28  Zergling x2  
  24  2:31  Zergling x2  
  24  2:36  Zergling x2  
  26  2:40  Drone  
  27  2:45  Zergling x2  
  28  2:56  Lair  
  28  3:05  Baneling x2  
  28  3:14  Extractor  
  28  3:16  Extractor  
  28  3:17  Drone  
  27  3:21  Drone  
  28  3:27  Overlord  
  28  3:40  Drone  
  29  3:43  Drone  
  29  3:47  Drone  
  31  3:51  Drone  
  31  3:54  Drone, Spire  
  32  3:58  Drone  
  32  4:02  Drone  
  34  4:05  Drone  
  34  4:09  Drone, Overlord  
  36  4:22  Evolution Chamber  
  35  4:24  Drone  
  36  4:32  Evolution Chamber  
  36  4:34  Drone  
  36  4:49  Drone  
  36  4:52  Drone  
  38  4:58  Overlord  
  38  5:01  Mutalisk  
  38  5:02  Drone  
  38  5:04  Drone  
  42  5:08  Drone  
  42  5:10  Mutalisk  
  42  5:11  Drone  
  42  5:13  Drone  
  47  5:16  Drone  
  47  5:19  Zergling x2  
  46  5:27  Mutalisk  
  46  5:28  Queen  
  47  5:32  Zergling x2  
  50  5:35  Roach  
  50  5:39  Zergling x2  
  43  5:43  Roach  
  43  5:46  Zergling x2  
  38  5:50  Roach  
  38  5:54  Roach  
  42  5:57  Drone  
  42  6:01  Drone  
  42  6:02  Mutalisk  
  46  6:06  Drone  
  46  6:09  Drone  
  48  6:12  Drone  
  48  6:17  Baneling  
  49  6:19  Drone  
  49  6:24  Mutalisk  
  52  6:30  Drone  
  52  6:32  Drone  
  54  6:40  Overlord  
  54  6:43  Drone  
  54  6:45  Drone  
  56  6:48  Drone  
  56  6:50  Drone  
  56  6:59  Drone  
  10  7:26  Drone x2  
  10  7:27  Drone  
Tags
 
Add a new tag
Caveats
  • Supply blocks, unpowered buildings, or Contaminate may cause inaccurate times.
  • Supply counts are checked every 10 seconds.